 Dungeon Crawl Stone Soup version 0.29-a0-323-g050149af67 (webtiles) character file.

Game seed: 4975950635120219038

93 zishaf the Grave Robber (level 4, -3/39 HPs)
             Began as a Deep Dwarf Necromancer on Apr 11, 2022.
             Slain by Sigmund
             ... wielding a +0 scythe
              (7 damage)
             ... on level 2 of the Dungeon.
             The game lasted 00:04:41 (1472 turns).

zishaf the Grave Robber (Deep Dwarf Necromancer)    Turns: 1472, Time: 00:04:42

Health: -3/39      AC:  3    Str: 14    XL:     4   Next: 37%
Magic:  0/7        EV: 12    Int: 15    God:
Gold:   80         SH:  0    Dex: 13    Spells: 3/7 levels left

rFire   . . .      SeeInvis .   a - +1 short sword (freeze)
rCold   . . .      Faith    .   (no shield)
rNeg    . . .      Spirit   .   j - +0 robe
rPois   .          Reflect  .   c - +0 helmet
rElec   .          Harm     .   (no cloak)
rCorr   .          Rampage  .   (no gloves)
Will    .....                   (no boots)
Stlth   ++........              (no amulet)
HPRegen 0.00/turn               (no ring)
MPRegen 0.10/turn               (no ring)

@: no status effects
A: damage resistance, heal wounds, sense surroundings 1, no regeneration
a: Heal Wounds


You were on level 2 of the Dungeon.
You visited 1 branch of the dungeon, and saw 2 of its levels.

You collected 80 gold pieces.

Inventory:

Hand Weapons
 a - a +1 short sword of freezing (weapon)
 b - a +0 hunting sling
Armour
 c - a +0 helmet (worn)
 j - a +0 robe (worn)
Jewellery
 m - a ring of ice
Scrolls
 d - a scroll of amnesia {unknown}
 h - a scroll of enchant armour {unknown}
 k - a scroll of torment {unknown}
Potions
 e - a potion of curing {unknown}
 f - a potion of magic
 g - 3 potions of heal wounds {unknown}
 i - a potion of berserk rage {unknown}
 l - a potion of mutation {unknown}


   Skills:
 + Level 1.8 Fighting
 - Level 2.1 Dodging
 - Level 2.4 Stealth
 - Level 2.0 Spellcasting
 * Level 5.8 Necromancy


You had 3 spell levels left.
You knew the following spells:

 Your Spells              Type           Power      Damage    Failure   Level
a - Pain                  Necr           72%        1d7       1%          1
b - Vampiric Draining     Necr           18%        2d7       6%          3

Your spell library contained the following spells:

 Spells                   Type           Power      Damage    Failure   Level
 Animate Skeleton         Necr           36%        N/A       1%          1
 Animate Dead             Necr           9%         N/A       21%         4
 Agony                    Necr           18%        N/A       50%         5


Dungeon Overview and Level Annotations

Branches:
Dungeon (2/15)

Altars:

Annotations:
D:2 Sigmund


Innate Abilities, Weirdness & Mutations

You are resistant to damage.
You can heal yourself by infusing magical energy.
You passively map a small area around you.
You do not regenerate.


Message History

Aim: Sigmund, wielding a +0 scythe and wearing a +0 robe (moderately wounded, chance to affect: 83%) Sigmund writhes in agony.
Sigmund hits you with a +0 scythe!
You see here the felid corpse of Natasha.
Casting: Pain (safe; 1% risk of failure)
Confirm with . or Enter, or press ? or * to list all spells.
Aiming: Vampiric Draining (dangerous; 6% risk of failure)
Press: ? - help, Shift-Dir - straight line, f/p - Sigmund
Aim: Sigmund, wielding a +0 scythe and wearing a +0 robe (heavily wounded)
You draw life force from Sigmund.
You feel life coursing into your body.
You hit Sigmund. You freeze Sigmund.
Sigmund is severely wounded.
Sigmund casts a spell at you. The magic dart hits you.
You hit Sigmund. You freeze Sigmund.
Sigmund is severely wounded.
Sigmund mumbles some strange words.
Sigmund flickers and vanishes!
Deactivating autopickup; reactivate with Ctrl-A.
You miss something. Something hits you but does no damage.
You closely miss something.
You hear some strange, mumbled words.
A puff of flame appears from out of thin air!
The puff of flame hits you!
You closely miss something.
You hear some strange, mumbled words.
Something tries to affect you, but you resist.
You miss something. You hit something. You freeze something.
Something hits you!
You miss something. Something hits you!
* * * LOW HITPOINT WARNING * * *
Casting: Vampiric Draining (dangerous; 6% risk of failure)
Confirm with . or Enter, or press ? or * to list all spells.
Aiming: Pain (safe; 1% risk of failure)
Press: ? - help, Shift-Dir - straight line Something writhes in agony.
You closely miss something. Something hits you.
* * * LOW HITPOINT WARNING * * *
You barely miss something. Something hits you!
You die...

#..##### , , *
#..#######... ...
, #............,
.... * ***
........# #....
........##....#
,, .....).....[.
* ,
...........#*, ,
, * ......{....#*
, * , * **#>.@.#
, , .,
#.....#)#### *
..# *
#.###.#<)†.###..#
, , #.####.....#
#. **###..## *
**#. , , ..#,, *
, ..* ...# , ,##
*##.# * , .. * *


There were no monsters in sight!

Vanquished Creatures
  Natasha (D:2)
  2 adders (D:2)
  5 orcs (D:1)
  3 endoplasms (D:1)
  3 giant cockroaches (D:1)
  9 goblins
  5 hobgoblins
  A quokka (D:1)
  6 ball pythons
  2 bats
  5 rats
42 creatures vanquished.

Notes
Turn   | Place    | Note
-------+----------+-------------------------------------------
     0 | D:1      | zishaf the Deep Dwarf Necromancer began the quest for the
                  | Orb.
     0 | D:1      | Reached XP level 1. HP: 15/15 MP: 3/3
   365 | D:1      | Reached XP level 2. HP: 24/24 MP: 4/4
   701 | D:1      | You fall into a shaft and drop 1 floor!
   708 | D:2      | Reached skill level 1 in Fighting
   708 | D:2      | Reached skill level 5 in Necromancy
   749 | D:1      | Found a faded altar of an unknown god.
   794 | D:1      | Reached XP level 3. HP: 29/31 MP: 2/6
   798 | D:1      | Learned a level 3 spell: Vampiric Draining
  1068 | D:2      | Noticed Natasha
  1336 | D:2      | Killed Natasha
  1337 | D:2      | Reached XP level 4. HP: 36/39 MP: 7/7
  1387 | D:2      | Noticed Sigmund
  1472 | D:2      | Slain by Sigmund

Illustrated notes

Levels and vault maps discovered:
D:1:      saegor_arrival_under_anarchy, layout_loops_cross,
          ebering_ecumenical_altar_hall, skrybe_limestone_x, minmay_hedge_maze,
          minmay_misc_feat_tiny, columned_hall_lemuel, feat_on_display
D:2:      layout_rooms, minmay_heptomino_w4, uniq_sigmund, uniq_natasha,
          uniq_robin

Skill      XL: |  1  2 |
---------------+-------+-----
Spellcasting   | 2 |  2.0
Fighting       | 1 |  1.8
Necromancy     | 5 |  5.8
Dodging        | |  2.1
Stealth        | |  2.4

Action                   |  1- 3 |  4- 6 || total
-------------------------+-------+-------++-------
Melee: Unarmed           |     1 |       ||     1
       Short sword       |    31 |    15 ||    46
       Dagger            |     1 |       ||     1
 Fire: Hunting sling     |    24 |       ||    24
 Cast: Pain              |    24 |    10 ||    34
       Vampiric Draining |     9 |     3 ||    12
Armor: Robe              |    16 |     4 ||    20
Dodge: Dodged            |    36 |     5 ||    41

Table legend: (Time is in decaauts)
 A = Elapsed time spent in this place.
 B = Non-inter-level travel time spent in this place.
 C = Inter-level travel time spent in this place.
 D = Time resting spent in this place.
 E = Time spent auto-exploring this place.
 F = Levels seen in this place.
 G = Mean time per level.
                   A        B        C        D        E       F      G
               +--------+--------+--------+--------+--------+-----+--------+
         Total |   1507 |   1482 |     25 |    272 |    841 |   2 |  753.5 |
       Dungeon |   1507 |   1482 |     25 |    272 |    841 |   2 |  753.5 |
               +--------+--------+--------+--------+--------+-----+--------+

Top non-repeatable levels by time:
     D:1: 1355 daAuts
     D:2: 151 daAuts
